 Dungeon Sprint DCSS version 0.31-a0-931-g7b59d4eb97 (webtiles) character file.

Game seed: 5913897459122556913

71963 rocky1 the Conqueror (level 25, 0/214 HPs)
             Began as a Djinni Fighter on Oct 20, 2023.
             Was an Initiate of Gozag.
             Killed from afar by Cobeut the pandemonium lord (54 damage)
             ... with a great icy blast
             ... in the Dungeon (Sprint VI: "Thunderdome").
             The game lasted 00:43:14 (4086 turns).

rocky1 the Conqueror (Djinni Fighter)               Turns: 4086, Time: 00:43:14

Health: 0/214      AC: 23    Str: 20    XL:     25   Next: 12%
Gold:   1819       EV: 38    Int: 19    God:    Gozag SH:  9 Dex: 34

rFire   + + .        h - +9 scimitar (heavy)
rCold   + + .        r - +0 buckler "Zucev" {rPois Regen+ Dex+4}
rNeg    . . .        b - +1 ring mail of the Villain {rC+ Str+3 Dex+3}
rPois   ∞            A - +1 helmet of Rean {Rampage Str+4}
rElec   +            x - +0 cloak of Haec Vip {Slay+2}
rCorr   +            l - +2 pair of gloves of Taowkaint {Int+4 Dex+4}
SInv    .            (boots unavailable)
Will    +++..        p - amulet "Nemnus" {Contam Will+ Regen+ rCorr}
Stlth   +            n - ring "Piud" {rElec rPois AC+4 Str-2 Dex+3}
HPRegen 2.15/turn    v - ring of Lifrurch {Fly rC++}
MPRegen 0.00/turn

%: no teleportation, rampage, infuse magic (-1 HP)
@: silenced, gold aura, flying
A: sickness immunity, fire resistance 2, cold vulnerability 1, float, innate
caster, HP casting, extra vitality 1
}: 4/15 runes: serpentine, barnacled, silver, mossy
a: Renounce Religion


You were in the Dungeon.
You worshipped Gozag.
Gozag was most pleased with you.
You visited 1 branch You collected 29569 gold pieces.
You spent 24137 gold pieces at shops.
You paid 3613 gold pieces to Gozag.

Inventory:

Hand Weapons
 h - a +9 heavy scimitar (weapon)
Armour
 b - the +1 ring mail of the Villain (worn) {rC+ Str+3 Dex+3}
   (You found it in the Dungeon)

   Str+3:     It affects your strength (+3).
   Dex+3:     It affects your dexterity (+3).
   rC+:       It protects you from cold.
 c - the +0 robe of Pleasant Breezes {rPois Slay+6}
   (You bought it in a shop in the Dungeon)

   Slay+6:    It affects your accuracy & damage with ranged weapons and melee
   (+6).
   rPois:     It protects you from poison
 d - the +7 tower shield "Yffigiz" {Will+}
   (You bought it in a shop in the Dungeon)

   Will+:     It increases your willpower.
 l - the +2 pair of gloves of Taowkaint (worn) {Int+4 Dex+4}
   (You bought it in a shop in the Dungeon)

   Int+4:     It affects your intelligence (+4).
   Dex+4:     It affects your dexterity (+4).
 q - the +2 kite shield of a sewer {rN++ Int+5 Dex-4}
   (You bought it in a shop in the Dungeon)

   Int+5:     It affects your intelligence (+5).
   Dex-4:     It affects your dexterity (-4).
   rN++:      It greatly protects you from negative energy.
 r - the +0 buckler "Zucev" (worn) {rPois Regen+ Dex+4}
   (You bought it in a shop in the Dungeon)

   Dex+4:     It affects your dexterity (+4).
   rPois:     It protects you from poison Regen+: It increases your rate of
   health regeneration.
 s - the +0 robe "Xeerulyuth" {Rampage Stlth+ Archmagi}
   (You bought it in a shop in the Dungeon)

   Rampage:   It bestows one free step when moving towards enemies.
   Stlth+:    It makes you more stealthy.
   Archmagi:  It increases the power of your magical spells.
 x - the +0 cloak of Haec Vip (worn) {Slay+2}
   (You bought it in a shop in the Dungeon)

   Slay+2:    It affects your accuracy & damage with ranged weapons and melee
   (+2).
 A - the +1 helmet of Rean (worn) {Rampage Str+4}
   (You bought it in a shop in the Dungeon)

   Str+4:     It affects your strength (+4).
   Rampage:   It bestows one free step when moving towards enemies.
Jewellery
 n - the ring "Piud" (left hand) {rElec rPois AC+4 Str-2 Dex+3}
   (You bought it in a shop in the Dungeon)

   [ring of protection]

   AC+4:      It affects your AC (+4).
   Str-2:     It affects your strength (-2).
   Dex+3:     It affects your dexterity (+3).
   rElec:     It insulates you from electricity.
   rPois:     It protects you from poison
 o - the ring of Ceicwycu {rN+ Str+4}
   (You bought it in a shop in the Dungeon)

   [ring of positive energy]

   Str+4:     It affects your strength (+4).
   rN+:       It protects you from negative energy.
 p - the amulet "Nemnus" (around neck) {Contam Will+ Regen+ rCorr}
   (You bought it in a shop in the Dungeon)

   [amulet of regeneration]

   Will+:     It increases your willpower.
   Contam:    It causes magical contamination when unequipped.
   Regen+:    It increases your rate of health regeneration.
   rCorr:     It protects you from acid and corrosion.
 t - the amulet "Wuteyr" {Reflect rF- Str+3 Int+2 Slay+3 SH+5}
   (You bought it in a shop in the Dungeon)

   [amulet of reflection]

   Reflect:   It reflects blocked missile attacks.
   Str+3:     It affects your strength (+3).
   Int+2:     It affects your intelligence (+2).
   Slay+3:    It affects your accuracy & damage with ranged weapons and melee
   (+3).
   rF-:       It makes you vulnerable to fire.
   SH+5:      It affects your SH (+5).
 u - the amulet "Veblyck" {Regen+ Str+4 Dex+3}
   (You bought it in a shop in the Dungeon)

   [amulet of regeneration]

   Str+4:     It affects your strength (+4).
   Dex+3:     It affects your dexterity (+3).
   Regen+:    It increases your rate of health regeneration.
 v - the ring of Lifrurch (right hand) {Fly rC++}
   (You bought it in a shop in the Dungeon)

   [ring of flight]

   rC++:      It greatly protects you from cold.
   Fly:       It grants you flight.
 w - the ring of the Briny Deep {rElec rPois rCorr Int-5}
   (You bought it in a shop in the Dungeon)

   [ring of poison resistance]

   Int-5:     It affects your intelligence (-5).
   rElec:     It insulates you from electricity.
   rPois:     It protects you from poison rCorr: It protects you from acid and
   corrosion.
 y - the ring "Noetz" {rPois rF+ Int+6 Dex+2}
   (You bought it in a shop in the Dungeon)

   [ring of intelligence]

   Int+6:     It affects your intelligence (+6).
   Dex+2:     It affects your dexterity (+2).
   rF+:       It protects you from fire.
   rPois:     It protects you from poison
 B - the ring "Woowycvo" {Wiz Str+3 Dex+3}
   (You bought it in a shop in the Dungeon)

   [ring of wizardry]

   Wiz:       It improves your spell success rate.
   Str+3:     It affects your strength (+3).
   Dex+3:     It affects your dexterity (+3).
Scrolls
 i - 24 scrolls of blinking
 m - 27 scrolls of fog
 z - 16 scrolls of enchant armour
 C - 10 scrolls of enchant weapon
 D - 2 scrolls of brand weapon
 E - 5 scrolls of silence
Potions
 a - 12 potions of mutation
 e - 19 potions of curing
 f - 42 potions of heal wounds
 g - 32 potions of haste
 j - 25 potions of resistance
 k - 12 potions of might
 I - a potion of enlightenment
 J - 13 potions of attraction
 K - 20 potions of berserk rage
 L - 15 potions of brilliance
Miscellaneous
 F - a quad damage
 G - a quad damage
 H - a quad damage


   Skills:
 O Level 27 Fighting
 + Level 23.0 Long Blades
 - Level 21.3 Armour
 - Level 22.8 Dodging
 - Level 10.8 Shields
 + Level 9.7 Spellcasting
 + Level 9.7 Conjurations
 + Level 9.7 Hexes
   Level 0.0 Charms
 + Level 9.7 Summonings
 + Level 9.7 Necromancy
 + Level 9.7 Translocations
 + Level 9.7 Transmutations
 + Level 9.7 Fire Magic
 + Level 9.7 Ice Magic
 + Level 9.7 Air Magic
 + Level 9.7 Earth Magic
 + Level 9.7 Poison Magic
 - Level 3.7 Evocations


You knew the following spells:

 Your Spells              Type           Power      Damage    Failure   Level
a - Sting                 Tmut/Pois      100%       1d8       1%          1
b - Call Imp              Summ           92%        N/A       1%          2
c - Ensorcelled Hibernat  Hex/Ice        92%        N/A       1%          2
d - Animate Armour        Summ/Erth      92%        N/A       2%          4
e - Alistair's Intoxicat  Tmut/Pois      30%        N/A       6%          5
f - Yara's Violent Unrav  Hex/Tmut       23%        3d10      6%          5
g - Bombard               Conj/Erth      23%        9d4       32%         6
h - Summon Cactus Giant   Summ           23%        N/A       32%         6
i - Eringya's Noxious Bo  Tmut/Pois      23%        4d6       32%         6
j - Summon Hydra          Summ           23%        N/A       88%         7
k - Monstrous Menagerie   Summ           23%        N/A       88%         7
l - Polar Vortex          Ice            23%        12d3*     100%        9
Your spell library was empty.


Dungeon Overview and Level Annotations

Branches:
Dungeon (1/1)

Altars:
Cheibriados
Dithmenos
Fedhas
Gozag
Makhleb
Okawaru
Qazlal
Ru
Trog
Uskayaw
Wu Jian
Xom
Yredelemnul
Zin
The Shining One
Lugonu

Shops:
D [=??*?*:[((!!


Innate Abilities, Weirdness & Mutations

You are immune to sickness and miasma.
You are immune to poison.
Your flesh is very heat resistant. (rF++)
You are vulnerable to cold. (rC-)
You float through the air rather than walking.
You learn spells naturally, not from books.
Your magical power is your life essence.
You have superior vitality. (+4 MHP)


Message History

You slash something! 20...
The Executioner is engulfed in freezing vapours.
The Executioner completely misses you. The Executioner hits you!
The Executioner hits you but does no damage.
The Executioner is engulfed in freezing vapours.
The Executioner is distracted by your dazzling golden aura.
Something completely misses you.
The Executioner is engulfed in freezing vapours.
The orange demon stings you but does no damage.
The orange demon completely misses you.
Something unexpectedly blocks you, preventing you from rampaging!
You cut something into ribbons!!!
The Executioner is engulfed in freezing vapours. x2
Something hits you!
The Executioner is engulfed in freezing vapours.
The crimson imp is distracted by your dazzling golden aura.
You block the orange demon's attack. The orange demon completely misses you.
Something completely misses you.
Something unexpectedly blocks you, preventing you from rampaging!
You barely miss something.
The crimson imp is no longer distracted by gold.
The Executioner is engulfed in freezing vapours. x2
The Executioner dies!
Something hits you!!
* * * LOW HITPOINT WARNING * * *
You block the orange demon's attack. The orange demon misses you.
Something unexpectedly blocks you, preventing you from rampaging!
You closely miss something.
The quasit shaped block of ice melts away.
The orange demon misses you. You block the orange demon's attack.
The crimson imp grins evilly.
The crimson imp blinks!
Unknown command.
Something unexpectedly blocks you, preventing you from rampaging!
You chop something into pieces!!! 15... The great icy blast engulfs you!!!
You partially resist.
You die...
Your body crumbles into a pile of gold.

▓▓▓▓▓▓#_..)...._#
▓▓▓▓▓▓#_.[))..._#
▓▓▓▓▓##_[)○°.°..#
▓▓▓▓###..)○○5°.○###
▓▓▓▓#⌠....[§§§§☼§°#
#####.8.....§§§°8○######
∩_._[.....###☼☼§☼[[__.∩##
=.......8)###.8°○.[[...∩###
.=......[.###§5{@.[.....[.##
)......###.[.###4.......[.⌠#
......[# #[<.# #.....)..[.⌠#
....[..###5[.###.........[⌠#
...|....&[###[............##
........8.# #.8........∩###
∩___......###......___∩##
#####.8.........8[######
#⌠...........⌠#


You could see an orange demon and 2 crimson imps.

Vanquished Creatures
  Mara (D)
  Agnes (D)
  Margery (D)
  4 pearl dragons (D)
  An Ice Fiend (D)
  A deep elf master archer (D)
  An Executioner (D)
  A daeva (D)
  A merfolk avatar (D)
  A deep elf sorcerer (D)
  A very ugly thing (D)
  An angel (D)
  2 spriggan defenders (D)
  3 ghouls (D)
  2 ophanim (D)
  3 anacondas (D)
  2 apis (D)
  A deep elf demonologist (D)
  An eleionoma (D)
  A bunyip (D)
  A deep elf annihilator (D)
  4 green deaths (D)
  2 deep elf high priests (D)
  2 shambling mangroves (D)
  4 hydras (D)
  2 spriggan air magi (D)
  13 dancing weapons (D)
  An alligator (D)
  2 two-headed ogres (D)
  2 boulder beetles (D)
  4 spriggan berserkers (D)
  A naga sharpshooter (D)
  6 hell knights (D)
  4 cherubim (D)
  4 spriggan druids (D)
  2 goliath frogs (D)
  13 bog bodies (D)
  4 swamp dragons (D)
  2 deep elf pyromancers (D)
  4 deep elf zephyrmancers (D)
  A faun (D)
  38 ugly things (D)
  A will-o-the-wisp (D)
  3 black mambas (D)
  3 rust devils (D)
  A naga mage (D)
  A komodo dragon (D)
  6 hornets (D)
  An air elemental (D)
  A yak (D)
  2 spriggans (D)
  2 basilisks (D)
  A steam dragon (D)
  A vampire mosquito (D)
  Pargi (D)
  8 dwarves (D)
  3 ogres (D)
  6 earth elementals (D)
  6 necrophages (D)
  2 jellies (D)
  4 river rats (D)
  4 endoplasms (D)
  A quokka (D)
204 creatures vanquished.

Vanquished Creatures (others)
  An Executioner (D)
  An eldritch tentacle (D)
  A blizzard demon (D)
  A necromancer (D)
  A dwarf (D)
  A quasit (D)
6 creatures vanquished.

Grand Total: 210 creatures vanquished

Notes
Turn   | Place    | Note
-------+----------+-------------------------------------------
     0 | D        | rocky1 the Djinni Fighter began the quest for the Orb.
     0 | D        | Reached XP level 1. HP: 20/20 MP: 0/0
     3 | D        | Found a shimmering altar of Xom.
     4 | D        | Found an ornate altar of the Wu Jian Council.
     5 | D        | Found an iron altar of Okawaru.
     5 | D        | Found a stormy altar of Qazlal.
     5 | D        | Round 1.
     6 | D        | Found Noith's Timeless Talismans.
     6 | D        | Found a snail-covered altar of Cheibriados.
     6 | D        | Found Keameazu's Identification Station.
     7 | D        | Found Xirealos's Jewellery.
     7 | D        | Found Qeomares's Advanced Armour.
    11 | D        | Found a sacrificial altar of Ru.
    12 | D        | Found Fik Maar's Premium Goods.
    13 | D        | Found a burning altar of Makhleb.
    13 | D        | Found a glowing silver altar of Zin.
    13 | D        | Found a blossoming altar of Fedhas.
    13 | D        | Found Renupehe's Weapon Rack.
    13 | D        | Found Lytiap's Miscellaneous Merchandise.
    13 | D        | Found Emikkos's Basic Armour.
    20 | D        | Reached skill level 1 in Dodging
    20 | D        | Reached XP level 2. HP: 25/25 MP: 0/0
    23 | D        | Found a glowing golden altar of the Shining One.
    24 | D        | Found a hide-covered altar of Uskayaw.
    25 | D        | Found Lefrigete's Do-It-Yourself Clinic.
    27 | D        | Found Samaf's Bottled Wisdom.
    27 | D        | Found Extaul's Distillery.
    29 | D        | Found a bloodstained altar of Trog.
    29 | D        | Found a shadowy altar of Dithmenos.
    29 | D        | Found Geivona's Distillery.
    34 | D        | Found a basalt altar of Yredelemnul.
    36 | D        | Found an opulent altar of Gozag.
    38 | D        | Found Foptovak's Staff Store.
    39 | D        | Found a corrupted altar of Lugonu.
    39 | D        | Found Qewoss's Magic Scroll Shop.
    40 | D        | Found Waisal's Must-Have Magic.
    40 | D        | Found Ammoz's Magic Scroll Shop.
    47 | D        | Became a worshipper of Gozag Ym Sagoz the Greedy
    62 | D        | Noticed Pargi
    69 | D        | Killed Pargi
    70 | D        | Reached skill level 4 in Fighting
    70 | D        | Reached skill level 5 in Long Blades
    70 | D        | Reached XP level 3. HP: 27/31 MP: 0/0
    70 | D        | Learned a level 1 spell: Sting
    70 | D        | Reached XP level 4. HP: 33/38 MP: 0/0
    70 | D        | Reached XP level 5. HP: 36/42 MP: 0/0
    70 | D        | Learned a level 2 spell: Call Imp
   138 | D        | Arena points: 12 (+12) [x2]
   149 | D        | Bought a coiled golden ring for 45 gold pieces
   149 | D        | Identified the ring "Piud" {rElec rPois AC+4 Str-2 Dex+3}
                  | (You bought it in a shop in the Dungeon)
   149 | D        | Bought a coiled silver ring for 45 gold pieces
   149 | D        | Identified the ring of Ceicwycu {rN+ Str+4} (You bought it
                  | in a shop in the Dungeon)
   149 | D        | Bought a flickering amethyst amulet for 45 gold pieces
   149 | D        | Identified the amulet "Nemnus" {Contam Will+ Regen+ rCorr}
                  | (You bought it in a shop in the Dungeon)
   179 | D        | Round 2.
   214 | D        | Reached skill level 5 in Fighting
   214 | D        | Reached skill level 5 in Armour
   214 | D        | Reached skill level 5 in Shields
   284 | D        | Arena points: 54 (+42) [x3]
   339 | D        | Round 3.
   342 | D        | Noticed an ogre
   344 | D        | Noticed an ogre
   347 | D        | Noticed an ogre
   352 | D        | Noticed a two-headed ogre
   358 | D        | Killed an ogre
   359 | D        | Reached skill level 6 in Fighting
   359 | D        | Reached skill level 5 in Dodging
   359 | D        | Reached XP level 6. HP: 50/50 MP: 0/0
   359 | D        | Killed a two-headed ogre
   360 | D        | Reached skill level 8 in Fighting
   360 | D        | Reached XP level 7. HP: 60/60 MP: 0/0
   360 | D        | Learned a level 2 spell: Ensorcelled Hibernation
   360 | D        | Reached XP level 8. HP: 67/67 MP: 0/0
   367 | D        | Reached skill level 9 in Fighting
   376 | D        | Noticed a two-headed ogre
   390 | D        | Killed a two-headed ogre
   391 | D        | Reached skill level 10 in Fighting
   391 | D        | Reached skill level 10 in Long Blades
   391 | D        | Reached XP level 9. HP: 49/74 MP: 0/0
   391 | D        | Learned a level 4 spell: Animate Armour
   393 | D        | Arena points: 126 (+72) [x4]
   408 | D        | Round 4.
   425 | D        | Bought 3 potions of heal wounds for 105 gold pieces
   425 | D        | Bought 3 potions of heal wounds for 105 gold pieces
   426 | D        | Bought 3 potions of experience for 900 gold pieces
   426 | D        | Reached XP level 10. HP: 81/81 MP: 0/0
   426 | D        | Noticed a komodo dragon
   427 | D        | Reached XP level 11. HP: 86/86 MP: 0/0
   427 | D        | Learned a level 5 spell: Alistair's Intoxication
   428 | D        | Reached XP level 12. HP: 92/92 MP: 0/0
   497 | D        | Arena points: 266 (+140) [x5]
   498 | D        | Reached skill level 15 in Long Blades
   534 | D        | Round 5.
   551 | D        | Noticed a giant anaconda
   589 | D        | Noticed a naga warrior
   591 | D        | Killed a giant anaconda
   591 | D        | Arena points: 546 (+280) [x7]
   592 | D        | Reached skill level 11 in Fighting
   595 | D        | Got a serpentine rune of Zot
   657 | D        | Bought a dazzling cloak for 332 gold pieces
   657 | D        | Identified the -1 cloak of Leapfrog {Will+} (You bought it
                  | in a shop in the Dungeon)
   657 | D        | Bought a pair of twisted gloves for 332 gold pieces
   657 | D        | Identified the +2 pair of gloves of Taowkaint {Int+4 Dex+4}
                  | (You bought it in a shop in the Dungeon)
   693 | D        | Bought a potion of experience for 300 gold pieces
   695 | D        | Reached XP level 13. HP: 99/99 MP: 0/0
   695 | D        | Learned a level 5 spell: Yara's Violent Unravelling
   696 | D        | Reached skill level 5 in Spellcasting
   696 | D        | Reached skill level 5 in Conjurations
   696 | D        | Reached skill level 5 in Hexes
   696 | D        | Reached skill level 5 in Summonings
   696 | D        | Reached skill level 5 in Necromancy
   696 | D        | Reached skill level 5 in Translocations
   696 | D        | Reached skill level 5 in Transmutations
   696 | D        | Reached skill level 5 in Fire Magic
   696 | D        | Reached skill level 5 in Ice Magic
   696 | D        | Reached skill level 5 in Air Magic
   696 | D        | Reached skill level 5 in Earth Magic
   696 | D        | Reached skill level 5 in Poison Magic
   696 | D        | Reached XP level 14. HP: 105/105 MP: 0/0
   790 | D        | Round 6.
   818 | D        | Reached skill level 12 in Fighting
   854 | D        | Reached skill level 13 in Fighting
   907 | D        | Reached skill level 14 in Fighting
   912 | D        | Arena points: 930 (+384) [x8]
   950 | D        | Round 7.
   954 | D        | Bought a faintly glowing buckler for 332 gold pieces
   954 | D        | Identified the +0 buckler of the Lair of Beasts {rPois
                  | Str+3} (You bought it in a shop in the Dungeon)
   954 | D        | Bought an encrusted kite shield for 332 gold pieces
   954 | D        | Identified the +2 kite shield of a sewer {rN++ Int+5 Dex-4}
                  | (You bought it in a shop in the Dungeon)
   954 | D        | Bought a translucent buckler for 332 gold pieces
   954 | D        | Identified the +0 buckler "Zucev" {rPois Regen+ Dex+4} (You
                  | bought it in a shop in the Dungeon)
  1085 | D        | Reached skill level 15 in Fighting
  1086 | D        | Arena points: 1560 (+630) [x9]
  1109 | D        | Bought 2 potions of experience for 600 gold pieces
  1109 | D        | Reached XP level 15. HP: 121/121 MP: 0/0
  1109 | D        | Learned a level 6 spell: Bombard
  1110 | D        | Reached XP level 16. HP: 128/128 MP: 0/0
  1110 | D        | Round 8.
  1114 | D        | Reached skill level 16 in Fighting
  1210 | D        | Reached skill level 17 in Fighting
  1246 | D        | Arena points: 2360 (+800) [x10]
  1282 | D        | Round 9.
  1295 | D        | Reached skill level 18 in Fighting
  1374 | D        | Reached skill level 19 in Fighting
  1425 | D        | Reached skill level 20 in Fighting
  1429 | D        | Arena points: 3449 (+1089) [x11]
  1473 | D        | Round 10.
  1539 | D        | Arena points: 4749 (+1300) [x13]
  1543 | D        | Got a barnacled rune of Zot
  1587 | D        | Reached XP level 17. HP: 145/145 MP: 0/0
  1587 | D        | Learned a level 6 spell: Summon Cactus Giant
  1614 | D        | Bought 4 potions of curing for 84 gold pieces
  1614 | D        | Bought 4 potions of curing for 84 gold pieces
  1614 | D        | Bought 4 potions of curing for 84 gold pieces
  1614 | D        | Bought 4 potions of curing for 84 gold pieces
  1614 | D        | Bought 4 potions of curing for 84 gold pieces
  1614 | D        | Bought 3 potions of heal wounds for 105 gold pieces
  1614 | D        | Bought 3 potions of heal wounds for 105 gold pieces
  1614 | D        | Bought 3 potions of heal wounds for 105 gold pieces
  1614 | D        | Bought 3 potions of heal wounds for 105 gold pieces
  1614 | D        | Bought 3 potions of heal wounds for 105 gold pieces
  1614 | D        | Bought 3 potions of heal wounds for 105 gold pieces
  1614 | D        | Bought 3 potions of heal wounds for 105 gold pieces
  1614 | D        | Bought 3 potions of heal wounds for 105 gold pieces
  1614 | D        | Bought 3 potions of heal wounds for 105 gold pieces
  1614 | D        | Bought 3 potions of heal wounds for 105 gold pieces
  1616 | D        | Bought 3 potions of experience for 900 gold pieces
  1618 | D        | Reached skill level 10 in Dodging
  1618 | D        | Reached XP level 18. HP: 151/151 MP: 0/0
  1619 | D        | Reached skill level 10 in Armour
  1619 | D        | Reached skill level 10 in Shields
  1619 | D        | Reached XP level 19. HP: 157/157 MP: 0/0
  1619 | D        | Learned a level 6 spell: Eringya's Noxious Bog
  1620 | D        | Reached XP level 20. HP: 164/164 MP: 0/0
  1740 | D        | Round 11.
  1760 | D        | Reached skill level 21 in Fighting
  1851 | D        | Reached skill level 22 in Fighting
  1861 | D        | Arena points: 6289 (+1540) [x14]
  1931 | D        | Round 12.
  1982 | D        | Reached skill level 23 in Fighting
  1982 | D        | Reached XP level 21. HP: 176/176 MP: 0/0
  1982 | D        | Learned a level 7 spell: Summon Hydra
  2048 | D        | Arena points: 8269 (+1980) [x15]
  2107 | D        | Round 13.
  2214 | D        | Reached skill level 24 in Fighting
  2220 | D        | Arena points: 10973 (+2704) [x16]
  2254 | D        | Bought a steaming ruby amulet for 45 gold pieces
  2254 | D        | Identified the amulet "Qugupis" {Spirit Fragile Will+
                  | Str+3} (You bought it in a shop in the Dungeon)
  2254 | D        | Bought a wavering golden amulet for 45 gold pieces
  2254 | D        | Identified the amulet "Wuteyr" {Reflect rF- Str+3 Int+2
                  | Slay+3 SH+5} (You bought it in a shop in the Dungeon)
  2254 | D        | Bought a twitching jade amulet for 45 gold pieces
  2254 | D        | Identified the amulet "Veblyck" {Regen+ Str+4 Dex+3} (You
                  | bought it in a shop in the Dungeon)
  2254 | D        | Bought a twitching bone ring for 45 gold pieces
  2254 | D        | Identified the ring of Lifrurch {Fly rC++} (You bought it
                  | in a shop in the Dungeon)
  2254 | D        | Bought a faintly glowing amber ring for 45 gold pieces
  2254 | D        | Identified the ring of the Briny Deep {rElec rPois rCorr
                  | Int-5} (You bought it in a shop in the Dungeon)
  2254 | D        | Bought a translucent garnet amulet for 45 gold pieces
  2254 | D        | Identified the amulet "Eluok" {Acrobat rPois Will+ Dex-3}
                  | (You bought it in a shop in the Dungeon)
  2254 | D        | Bought a scorched tin ring for 45 gold pieces
  2254 | D        | Identified the ring "Noetz" {rPois rF+ Int+6 Dex+2} (You
                  | bought it in a shop in the Dungeon)
  2254 | D        | Bought a scorched bronze ring for 45 gold pieces
  2254 | D        | Identified the ring "Xeingi Ynwa" {Ice rElec rPois rCorr
                  | MP-9} (You bought it in a shop in the Dungeon)
  2254 | D        | Bought a translucent jade ring for 45 gold pieces
  2254 | D        | Identified the ring "Axzaevo" {Fire Str+3 Dex+3} (You
                  | bought it in a shop in the Dungeon)
  2254 | D        | Bought a vibrating ivory ring for 45 gold pieces
  2254 | D        | Identified the ring "Woowycvo" {Wiz Str+3 Dex+3} (You
                  | bought it in a shop in the Dungeon)
  2254 | D        | Bought a pitted lead ring for 45 gold pieces
  2254 | D        | Identified the ring of Qamabbe {*Corrode rElec rPois rN+}
                  | (You bought it in a shop in the Dungeon)
  2254 | D        | Bought a bound ruby amulet for 45 gold pieces
  2254 | D        | Identified the amulet "Boabb" {RegenMP rPois} (You bought
                  | it in a shop in the Dungeon)
  2254 | D        | Bought a shimmering pewter ring for 45 gold pieces
  2254 | D        | Identified the ring "Attohucs" {Fire MP+9} (You bought it
                  | in a shop in the Dungeon)
  2254 | D        | Bought a vibrating tin ring for 45 gold pieces
  2254 | D        | Identified the ring of Sirile {rCorr AC+4} (You bought it
                  | in a shop in the Dungeon)
  2276 | D        | Bought a sheer robe for 199 gold pieces
  2276 | D        | Identified the +0 robe of Pleasant Breezes {rPois Slay+6}
                  | (You bought it in a shop in the Dungeon)
  2276 | D        | Bought an ichor-stained tower shield for 332 gold pieces
  2276 | D        | Identified the +7 tower shield "Yffigiz" {Will+} (You
                  | bought it in a shop in the Dungeon)
  2276 | D        | Bought a slimy robe for 199 gold pieces
  2276 | D        | Identified the +0 robe "Xeerulyuth" {Rampage Stlth+
                  | Archmagi} (You bought it in a shop in the Dungeon)
  2276 | D        | Bought a slimy cloak for 332 gold pieces
  2276 | D        | Identified the +0 cloak of Haec Vip {Slay+2} (You bought it
                  | in a shop in the Dungeon)
  2276 | D        | Bought a bloodstained hat for 315 gold pieces
  2276 | D        | Identified the +0 hat of Resilience {Str+4} (You bought it
                  | in a shop in the Dungeon)
  2276 | D        | Bought a pitted helmet for 332 gold pieces
  2276 | D        | Identified the +1 helmet of Rean {Rampage Str+4} (You
                  | bought it in a shop in the Dungeon)
  2276 | D        | Bought a pair of distressingly furry gloves for 332 gold
                  | pieces
  2276 | D        | Identified the +3 pair of gloves of Biyf {*Slow +Blink
                  | Dex+3 Slay+2} (You bought it in a shop in the Dungeon)
  2276 | D        | Round 14.
  2425 | D        | Arena points: 14305 (+3332) [x17]
  2426 | D        | Reached skill level 25 in Fighting
  2453 | D        | Round 15.
  2457 | D        | Noticed Agnes
  2480 | D        | Killed Agnes
  2480 | D        | Identified the +1 ring mail of the Villain {rC+ Str+3
                  | Dex+3} (You found it in the Dungeon)
  2480 | D        | Arena points: 17440 (+3135) [x19]
  2484 | D        | Got a mossy rune of Zot
  2666 | D        | Round 16.
  2683 | D        | Noticed Margery
  2705 | D        | Killed Margery
  2718 | D        | Arena points: 20320 (+2880) [x20]
  2728 | D        | Round 17.
  2760 | D        | Reached skill level 26 in Fighting
  2766 | D        | Reached skill level 15 in Dodging
  2837 | D        | Arena points: 24961 (+4641) [x21]
  2861 | D        | Round 18.
  2928 | D        | Reached skill level 15 in Armour
  2938 | D        | Noticed a Tzitzimitl
  2964 | D        | Reached skill level 27 in Fighting
  2992 | D        | Arena points: 30901 (+5940) [x22]
  3041 | D        | Bought a potion of experience for 300 gold pieces
  3041 | D        | Reached XP level 22. HP: 194/194 MP: 0/0
  3042 | D        | Reached XP level 23. HP: 201/201 MP: 0/0
  3042 | D        | Learned a level 7 spell: Monstrous Menagerie
  3051 | D        | Bought 3 potions of mutation for 168 gold pieces
  3051 | D        | Bought 2 potions of mutation for 112 gold pieces
  3051 | D        | Bought a potion of mutation for 56 gold pieces
  3051 | D        | Bought 6 potions of might for 168 gold pieces
  3051 | D        | Bought 3 potions of haste for 210 gold pieces
  3052 | D        | Round 19.
  3116 | D        | Bought 4 scrolls of enchant armour for 300 gold pieces
  3116 | D        | Bought 4 scrolls of enchant armour for 300 gold pieces
  3116 | D        | Bought 8 scrolls of enchant weapon for 600 gold pieces
  3116 | D        | Bought a scroll of brand weapon for 95 gold pieces
  3116 | D        | Bought 3 scrolls of silence for 285 gold pieces
  3116 | D        | Bought 5 scrolls of fog for 200 gold pieces
  3116 | D        | Bought 4 scrolls of fog for 160 gold pieces
  3116 | D        | Bought 3 scrolls of fog for 120 gold pieces
  3116 | D        | Bought 5 scrolls of blinking for 375 gold pieces
  3116 | D        | Bought 4 scrolls of blinking for 300 gold pieces
  3116 | D        | Bought 3 scrolls of blinking for 225 gold pieces
  3118 | D        | Bought a scroll of revelation for 75 gold pieces
  3118 | D        | Bought 4 scrolls of enchant armour for 300 gold pieces
  3118 | D        | Bought 4 scrolls of enchant armour for 300 gold pieces
  3118 | D        | Bought 8 scrolls of enchant weapon for 600 gold pieces
  3118 | D        | Bought a scroll of brand weapon for 95 gold pieces
  3118 | D        | Bought 3 scrolls of silence for 285 gold pieces
  3118 | D        | Bought 5 scrolls of fog for 200 gold pieces
  3118 | D        | Bought 4 scrolls of fog for 160 gold pieces
  3118 | D        | Bought 3 scrolls of fog for 120 gold pieces
  3118 | D        | Bought 5 scrolls of blinking for 375 gold pieces
  3118 | D        | Bought 4 scrolls of blinking for 300 gold pieces
  3118 | D        | Bought 3 scrolls of blinking for 225 gold pieces
  3190 | D        | Arena points: 37019 (+6118) [x23]
  3236 | D        | Round 20.
  3242 | D        | Noticed Mara
  3255 | D        | Killed Mara
  3255 | D        | Arena points: 43019 (+6000) [x25]
  3261 | D        | Got a silver rune of Zot
  3262 | D        | Reached XP level 24. HP: 208/208 MP: 0/0
  3276 | D        | Bought 5 potions of haste for 1000 gold pieces
  3276 | D        | Bought 5 potions of heal wounds for 500 gold pieces
  3276 | D        | Bought 5 potions of heal wounds for 500 gold pieces
  3276 | D        | Bought a quad damage for 400 gold pieces
  3276 | D        | Bought a quad damage for 400 gold pieces
  3276 | D        | Bought a quad damage for 400 gold pieces
  3460 | D        | Round 21.
  3567 | D        | Arena points: 53393 (+10374) [x26]
  3643 | D        | Round 22.
  3801 | D        | Arena points: 62303 (+8910) [x27]
  3850 | D        | Round 23.
  3892 | D        | Reached XP level 25. HP: 69/214 MP: 0/0
  3892 | D        | Learned a level 9 spell: Polar Vortex
  3972 | D        | Arena points: 71963 (+9660) [x28]
  4037 | D        | Round 24.
  4040 | D        | Bought a potion of enlightenment for 35 gold pieces
  4040 | D        | Bought a potion of attraction for 21 gold pieces
  4040 | D        | Bought 5 potions of berserk rage for 175 gold pieces
  4040 | D        | Bought 5 potions of berserk rage for 175 gold pieces
  4040 | D        | Bought 3 potions of mutation for 168 gold pieces
  4040 | D        | Bought 2 potions of mutation for 112 gold pieces
  4040 | D        | Bought a potion of mutation for 56 gold pieces
  4040 | D        | Bought 6 potions of brilliance for 168 gold pieces
  4040 | D        | Bought 6 potions of might for 168 gold pieces
  4040 | D        | Bought 6 potions of attraction for 126 gold pieces
  4040 | D        | Bought 5 potions of haste for 350 gold pieces
  4040 | D        | Bought 4 potions of haste for 280 gold pieces
  4040 | D        | Bought 3 potions of haste for 210 gold pieces
  4040 | D        | Bought 6 potions of resistance for 420 gold pieces
  4040 | D        | Bought 6 potions of resistance for 420 gold pieces
  4042 | D        | Bought 2 potions of brilliance for 56 gold pieces
  4042 | D        | Bought a potion of brilliance for 28 gold pieces
  4042 | D        | Bought 5 potions of berserk rage for 175 gold pieces
  4042 | D        | Bought 5 potions of berserk rage for 175 gold pieces
  4042 | D        | Bought 6 potions of resistance for 420 gold pieces
  4042 | D        | Bought 6 potions of resistance for 420 gold pieces
  4042 | D        | Bought 6 potions of brilliance for 168 gold pieces
  4042 | D        | Bought 6 potions of attraction for 126 gold pieces
  4042 | D        | Bought 5 potions of haste for 350 gold pieces
  4042 | D        | Bought 4 potions of haste for 280 gold pieces
  4064 | D        | Noticed Cobeut the pandemonium lord
  4080 | D        | Noticed Vurukaun the pandemonium lord
  4086 | D        | Killed from afar by Cobeut the pandemonium lord

Illustrated notes

Levels and vault maps discovered:
D:        arena_sprint

Skill      XL: |  1  2  3  4  5  6  7  8  9 10 11 12 13 14 15 16 17 18 19 20 21 22 23 24 25 |
---------------+----------------------------------------------------------------------------+-----
Long Blades    | 2 5 6 8 10 12 13 14 15 17 18 20 22 23 | 23.0
Dodging        | 1 3 5 7 8 9 10 11 16 19 22 | 22.8
Fighting       | 4 6 8 10 11 15 20 23 27 | 27.0
Armour         | 4 5 7 8 9 10 15 17 20 21 | 21.3
Shields        | 4 5 7 8 9 10 | 10.8
Spellcasting   | 2 5 6 7 8 9 |  9.7
Conjurations   | 2 5 6 7 8 9 |  9.7
Hexes          | 2 5 6 7 8 9 |  9.7
Summonings     | 2 5 6 7 8 9 |  9.7
Necromancy     | 2 5 6 7 8 9 |  9.7
Translocations | 2 5 6 7 8 9 |  9.7
Transmutations | 2 5 6 7 8 9 |  9.7
Fire Magic     | 2 5 6 7 8 9 |  9.7
Ice Magic      | 2 5 6 7 8 9 |  9.7
Air Magic      | 2 5 6 7 8 9 |  9.7
Earth Magic    | 2 5 6 7 8 9 |  9.7
Poison Magic   | 2 5 6 7 8 9 |  9.7
Evocations     | 3 |  3.7

Action                     |  1- 3 |  4- 6 |  7- 9 | 10-12 | 13-15 | 16-18 | 19-21 | 22-24 | 25-27 || total
---------------------------+-------+-------+-------+-------+-------+-------+-------+-------+-------++-------
  Melee: Long sword        |     3 |    34 |    18 |    67 |       |       |       |       |       ||   122
         Scimitar          |       |       |       |       |    50 |    78 |   268 |   192 |    62 ||   650
 Invoke: Potion Petition   |       |       |     1 |     1 |       |     2 |     2 |     2 |       ||     8
  Evoke: Wand              |     3 |     7 |       |       |       |       |       |       |       ||    10
    Use: Scroll            |       |     2 |       |       |       |       |     1 |     8 |     1 ||    12
         Potion            |       |     1 |     1 |     9 |     3 |     3 |     4 |     6 |       ||    27
   Stab: Invisible         |       |       |     2 |       |       |       |     9 |       |       ||    11
         Distracted        |       |       |       |     2 |       |     3 |     2 |     3 |       ||    10
         Confused          |       |       |       |       |     4 |       |       |       |       ||     4
 Armour: Scale mail        |     1 |    16 |     5 |    44 |    34 |    97 |    67 |       |       ||   264
         Ring mail         |       |       |       |       |       |       |    53 |   117 |    65 ||   235
         Robe              |       |       |       |       |       |       |    11 |       |       ||    11
  Dodge: Dodged            |     5 |    11 |     9 |    26 |    19 |    62 |   197 |   152 |   223 ||   704
  Block: Buckler           |     1 |     7 |     4 |    18 |    15 |    33 |    91 |    87 |    69 ||   325

Table legend: (Time is in decaauts)
 A = Elapsed time spent in this place.
 B = Non-inter-level travel time spent in this place.
 C = Inter-level travel time spent in this place.
 D = Time resting spent in this place.
 E = Time spent auto-exploring this place.
 F = Levels seen in this place.
 G = Mean time per level.
                   A        B        C        D        E       F      G
               +--------+--------+--------+--------+--------+-----+--------+
         Total |   4095 |   4077 |     18 |    942 |     29 |   1 | 4095.0 |
       Dungeon |   4095 |   4077 |     18 |    942 |     29 |   1 | 4095.0 |
               +--------+--------+--------+--------+--------+-----+--------+

Top non-repeatable levels by time:
       D: 4095 daAuts
